Map: Interloper LE

Players

Bradadiah - Winner!

  • Race: Protoss Protoss
  • League: Diamond
  • Spawn Location: 11:00

Yata

  • Race: Zerg Zerg
  • League: Platinum
  • Spawn Location: 5:00

VOD

Have the link to the VOD?

Description

Time

  • Played on: Sept. 20, 2017, 2:07 p.m.
  • Length: 8:06
Show
View Real Time Build Order
Export as new Build Order

Bradadiah Protoss - Winner!

Build Orders: 1 Gate Expand, Zealot Archon 

Get SALT Encoding   

  12  0:01  Probe (Chrono Boost)  
  13  0:11  Probe (Chrono Boost)  
  14  0:18  Pylon  
  14  0:22  Probe (Chrono Boost)  
  15  0:37  Probe (Chrono Boost)  
  15  0:39  Gateway  
  16  0:47  Probe (Chrono Boost)  
  16  0:48  Assimilator  
  17  0:58  Probe (Chrono Boost)  
  18  1:08  Probe (Chrono Boost)  
  19  1:24  Nexus  
  19  1:28  Probe (Chrono Boost)  
  20  1:36  Cybernetics Core  
  20  1:39  Probe (Chrono Boost)  
  21  1:44  Assimilator  
  21  1:50  Probe (Chrono Boost)  
  22  1:56  Pylon  
  22  2:00  Probe (Chrono Boost)  
  23  2:09  Warp Gate  
  23  2:14  Adept (Chrono Boost), Probe  
  26  2:26  Probe  
  27  2:35  Probe  
  28  2:38  Probe  
  28  2:39  Adept (Chrono Boost)  
  31  2:45  Probe  
  32  2:51  Twilight Council  
  32  2:52  Probe  
  33  2:59  Probe  
  33  3:03  Adept (Chrono Boost)  
  35  3:10  Probe  
  35  3:11  Probe  
  37  3:19  Gateway  
  37  3:22  Gateway  
  37  3:26  Adept (Chrono Boost)  
  39  3:27  Resonating Glaives (Chrono Boost)  
  39  3:30  Probe x2  
  41  3:38  Robotics Facility  
  41  3:42  Probe  
  41  3:43  Probe  
  43  4:01  Probe  
  44  4:04  Probe  
  44  4:07  Pylon  
  45  4:14  Assimilator  
  45  4:18  Assimilator  
  45  4:20  Probe  
  46  4:25  Warp Prism  
  46  4:26  Adept x3  
  54  4:32  Pylon  
  54  4:36  Dark Shrine  
  54  4:43  Pylon  
  54  4:47  Pylon  
  54  4:50  Mothership Core, Probe  
  57  5:02  Probe  
  57  5:06  Gateway  
  58  5:07  Pylon  
  58  5:11  Probe  
  59  5:14  Probe  
  59  5:18  Immortal  
  64  5:23  Probe  
  64  5:26  Probe  
  66  5:35  Probe  
  67  5:49  Dark Templar x3  
  63  5:52  Probe  
  63  5:54  Nexus  
  60  6:01  Immortal  
  64  6:08  Probe x2  
  66  6:11  Charge (Chrono Boost)  
  66  6:20  Probe  
  66  6:21  Probe  
  66  6:22  Pylon  
  66  6:24  Dark Templar, Pylon, Archon  
  70  6:27  Archon  
  70  6:32  Probe  
  71  6:33  Dark Templar  
  71  6:34  Dark Templar  
  71  6:38  Probe  
  76  6:40  Immortal, Archon  
  76  6:44  Probe  
  76  6:45  Zealot  
  83  6:51  Probe  
  84  6:56  Probe  
  84  6:57  Zealot  
  87  7:07  Dark Templar  
  86  7:09  Zealot x2  
  84  7:22  Probe  
  84  7:23  Probe  
  84  7:24  Pylon, Zealot x3  
  91  7:40  Dark Templar  
  91  7:45  Dark Templar x2  
  91  7:49  Zealot  
Show
View Real Time Build Order
Export as new Build Order

Yata Zerg 

Build Orders: Hatch First 

Get SALT Encoding   

  12  0:01  Drone  
  13  0:10  Drone  
  14  0:25  Overlord x2  
  14  0:43  Drone x2  
  14  0:47  Drone  
  17  1:02  Hatchery  
  16  1:07  Drone  
  16  1:10  Drone  
  18  1:20  Extractor  
  18  1:25  Drone, Spawning Pool  
  17  1:30  Drone  
  18  1:41  Drone  
  19  2:00  Drone  
  20  2:07  Drone  
  21  2:13  Queen  
  21  2:14  Queen  
  25  2:17  Zergling x4  
  27  2:23  Baneling Nest  
  27  2:24  Drone  
  27  2:25  Drone, Evolution Chamber  
  27  2:43  Drone x2  
  29  2:55  Drone x2  
  30  3:19  Pneumatized Carapace  
  30  3:21  Drone x5  
  30  3:24  Overlord x3  
  35  3:33  Metabolic Boost  
  35  3:51  Spore Crawler  
  35  3:52  Spore Crawler  
  35  3:53  Zergling x10  
  35  3:54  Zergling x2  
  39  3:57  Drone x2  
  39  3:58  Drone  
  42  4:07  Zerg Melee Weapons Level 1  
  42  4:10  Drone x3  
  42  4:12  Drone  
  42  4:14  Baneling  
  42  4:15  Hatchery  
  42  4:16  Baneling  
  45  4:41  Zergling x18  
  54  5:07  Queen  
  54  5:08  Queen  
  58  5:19  Baneling x5  
  57  5:21  Zergling x2  
  57  5:22  Zergling x2  
  59  5:31  Baneling x2  
  57  5:47  Zergling x2  
  57  5:48  Zergling x22  
  64  6:00  Queen  
  64  6:02  Overlord x3  
  64  6:03  Overlord  
  66  6:29  Drone x14  
  80  6:44  Zergling x6  
  83  6:48  Baneling x4  
  83  6:51  Spore Crawler  
  83  6:53  Drone x7  
  89  6:57  Extractor  
  89  7:00  Drone x2  
  75  7:20  Zergling x20  
  80  7:36  Zergling x4  
  80  7:37  Zergling x6  
  68  7:48  Zergling x8  
  68  7:49  Zergling x2  
  65  8:00  Spawning Pool  
Tags
 
Add a new tag
Caveats
  • Supply blocks, unpowered buildings, or Contaminate may cause inaccurate times.
  • Supply counts are checked every 10 seconds.